Zazza, lawful female dwarven Valkyrie --------------- -------- ---------------- |......<......| ------- |!%[!=!.@@ |..............| ##..............| ##......| |!)%F)) f #...............| # |..............###### # |.....| |*[[* # #----.----------- ### -------------.- # ### |.....| ----- # #### ############# # # ### # |..^..| # # # # # ### |..>..| # # ### # # #`# --.---- #### # # # # ### # # #---------# ## # # # `## # #|.......|# --------|--# ### ### # # #|.......|# |.........|# # # ### ## #|.......-# |.........|# ## # # -.---- #|.......| |..........# --------|-------# ##....>| #........| |.........| |...............# |....| --------- |.........| |..............| |....| |.........| |..............| ------ ----------- ---------------- Zazza the Skirmisher Experience level: 3 Strength: 18/02 Dexterity: 16 Constitution: 14 Intelligence: 8 Wisdom: 13 Charisma: 8 Health: 0(32) Energy: 5(5) Def: 4 Gold: 0 Moves: 1023 Dungeon seed: TJNltXHHzatQPi7E Game ID: Zazza_1527749836 Your Inventory: Weapons a - a +1 long sword (weapon in hand) b - a +0 dagger j - 10 +0 ya Armor e - an uncursed +3 small shield (being worn) r - an uncursed +0 pair of leather gloves Comestibles d - an uncursed lembas wafer Scrolls g - an uncursed scroll of teleportation h - an uncursed scroll of identify Potions f - an uncursed potion of blindness k - an uncursed potion of paralysis Gems n - an uncursed worthless piece of orange glass q - an uncursed worthless piece of red glass Spells and supernatural/magical abilities: Name Level Category Fail Memory W - pray for help -- divine ? -- Your skills at the end: Fighting Skills Weapon Skills dagger [Basic] long sword [Basic] Spellcasting Skills Final Attributes: You were piously aligned. You were cold resistant. You had infravision. You were stealthy. You were lucky. You are dead. Vanquished creatures: a gecko 5 jackals 2 foxes a kobold 3 sewer rats 4 grid bugs a bat 2 lichens 2 kobold zombies 3 newts 24 creatures vanquished. Voluntary challenges: You were an atheist. You used a wielded weapon 22 times, starting on turn 41. You read items or engraved 1 time, starting on turn 832. You never genocided any monsters. You never polymorphed an object. You never changed form. You used no wishes. You never split a pudding. You never wrote Elbereth's name. You never violated your personal moral code. Dungeon overview: The Dungeons of Doom: levels 1 to 2 Level 1 a fountain a long staircase Level 2 <- You were here a general store a long staircase History has recorded: On T:1 you entered the Dungeons of Doom to retrieve the Amulet of Yendor! On T:451 you advanced to experience level 2. On T:536 you reached level 2 of The Dungeons of Doom. On T:968 you advanced to experience level 3. Score breakdown: Gold: 0 ( 0 points) Experience: 3 levels ( 7878 points) Exploration: 2 levels ( 4.26%) ( 4423 points) Discoveries: 1 item ( 0.41%) ( 1912 points) Valuables value: (no points given unless you survive) Artifact value: 0 ( 0 points) Variety of kills: 10 monsters ( 2.62%) ( 4860 points) Turncount: 1023 turns ( 0 points) Survival: died (score multiplied by 80%) Total score: 15258 Latest messages: You read: "They sav th?t i? y?u c?n't wea g|ass?s wny bothcr w?th ?arrcts?". Something is written here in the dust. You read: "? ?". This door is locked. That door is closed. (2x) As you kick the door, it crashes open! "How dare you break my door?" Wonotobo zaps a brass wand! The magic missile hits you! The magic missile bounces! The magic missile hits you! The magic missile hits Wonotobo! Wonotobo mentions how much she dislikes rude customers. Wonotobo zaps a wand of magic missile! The magic missile hits you! Valkyrie, your life force is running out. The magic missile bounces! The magic missile hits you! You die... Wonotobo takes all your possessions. Final status: Farvel Zazza the Valkyrie, killed by a magic missile... You died in The Dungeons of Doom on dungeon level 2 with 15258 points, and 0 pieces of gold, after 1023 moves. You were level 3 with a maximum of 32 hit points when you died.